 Dungeon Crawl Stone Soup version 0.31-a0-188-g5e087ee2ca (webtiles) character file.

Game seed: 1583527758692178504

53 qw the Shooter (level 3, 0/20 HPs)
             Began as a Deep Elf Hunter on June 23, 2023.
             Slain by a goblin
             ... wielding a +0 dagger
             ... led by Robin
              (4 damage)
             ... on level 2 of the Dungeon.
             The game lasted 00:00:29 (856 turns).

qw the Shooter (Deep Elf Hunter)                     Turns: 856, Time: 00:00:30

Health: 0/20       AC:  3    Str: 10    XL:     3   Next: 64%
Magic:  5/5        EV: 17    Int: 13    God:
Gold:   46         SH:  0    Dex: 18    Spells: 2/2 levels left

rFire   . . .        Y - +0 shortbow
rCold   . . .        (shield currently unavailable)
rNeg    . . .        c - +0 leather armour
rPois   .            (no helmet)
rElec   .            (no cloak)
rCorr   .            (no gloves)
SInv    .            (no boots)
Will    .....        (no amulet)
Stlth   ++           d - +5 ring of evasion
HPRegen 0.23/turn    (no ring)
MPRegen 0.09/turn

%: no passive effects
@: no status effects
A: no striking features
a: no special abilities


You were on level 2 of the Dungeon.
You visited 1 branch of the dungeon, and saw 2 of its levels.

You collected 46 gold pieces.


   Skills:
 - Level 1.5 Fighting
 + Level 7.1 Ranged Weapons
 - Level 2.4 Dodging
 - Level 1.2 Stealth


You had 2 spell levels left.
You didn't know any spells.
Your spell library was empty.

Inventory:

Hand Weapons
 Y - a +0 shortbow (weapon)
Armour
 c - a +0 leather armour (worn)
Jewellery
 d - a +5 ring of evasion (left hand)
Potions
 e - a potion of mutation {unknown}
 f - a potion of curing
 h - a potion of magic {unknown}
 k - a potion of heal wounds {unknown}

Dungeon Overview and Level Annotations

Branches:
Dungeon (2/15)

Altars:

Shops:
D:1 (=(

Annotations:
D:2 Robin


Message History

A goblin comes into view. It is wielding a +0 dagger.
The goblin misses you.
A goblin comes into view. It is wielding a +0 club.
You shoot an arrow. The arrow closely misses the goblin.
The arrow misses the goblin.
Robin of the Strong Arm comes into view.
They are wielding a +0 trident.
The goblin hits you with a +0 club.
You shoot an arrow. The arrow barely misses the goblin.
The goblin unwields a +0 dagger.
The goblin wields a +0 sling.
The goblin shoots a sling bullet.
The sling bullet barely misses you. The goblin misses you. x2
You shoot an arrow. The arrow closely misses the goblin. x2
The goblin closely misses you. The goblin hits you with a +0 dagger.
The goblin hits you but does no damage.
You shoot an arrow. The arrow hits the goblin!
You kill the goblin!
The goblin hits you but does no damage.
You shoot an arrow. The arrow hits the goblin!
You kill the goblin!
Robin roars a battlecry!
The goblins go into a battle-frenzy!
The goblin completely misses you. The goblin hits you with a +0 dagger.
You shoot an arrow. The arrow closely misses the goblin.
The arrow barely misses the goblin.
The goblin barely misses you. The goblin hits you with a +0 club.
The goblin barely misses you.
You shoot an arrow. The arrow hits the goblin.
The goblin is moderately wounded.
The goblin hits you with a +0 club. The goblin hits you but does no damage.
The goblin completely misses you.
The goblin unwields a +0 sling.
The goblin wields a +0 dagger.
The goblin misses you.
You shoot an arrow. The arrow barely misses the goblin.
The arrow barely misses Robin.
Robin throws the goblin at you! The goblin completely misses you.
The goblin hits you but does no damage. The goblin closely misses you.
The goblin misses you.
You shoot an arrow. The arrow hits the goblin.
You kill the goblin!
Robin throws the goblin at you! The goblin hits you with a +0 dagger.
You die...

#.....###.....##
.#.#.#.#.#.#...##
.>..............##+##
.#.#.#.#.#.#........##
.....................#
.#.#.#.#%#.##........##
.........##...........#
..>..#######...gg.....#.
..<..# #....@)g[....
.....# #...)g.....#.
......................#
.....#######........)...
...... ###...%....).
.####.# ...#.##..#% . ..
###.#.# ### . ##. ..#.#


You could see Robin and 3 goblins.

Vanquished Creatures
  2 adders
  2 dart slugs
  2 ball pythons (D:1)
  4 giant cockroaches
  5 goblins (D:2)
  4 hobgoblins
  A quokka (D:1)
  5 bats (D:1)
  A frilled lizard (D:1)
  2 kobolds (D:1)
  2 rats (D:1)
30 creatures vanquished.

Notes
Turn   | Place    | Note
-------+----------+-------------------------------------------
     0 | D:1      | qw the Deep Elf Hunter began the quest for the Orb.
     0 | D:1      | Reached XP level 1. HP: 12/12 MP: 3/3
     0 | D:1      | 0 ||| qw: Version: 0.3-a-9-g12657ce
     0 | D:1      | 0 ||| qw: Game counter: 3785
     0 | D:1      | 0 ||| qw: Always use a shield: true
     0 | D:1      | 0 ||| qw: God list: Okawaru
     0 | D:1      | 0 ||| qw: Allow faded altars: false
     0 | D:1      | 0 ||| qw: Do Orc after D:15 true
     0 | D:1      | 0 ||| qw: Do second Lair branch before Depths: true
     0 | D:1      | 0 ||| qw: Lair rune preference: random
     0 | D:1      | 0 ||| qw: Plans: Normal
     0 | D:1      | 0 ||| PLANNING D:1-11
    23 | D:1      | Found a faded altar of an unknown god.
   164 | D:1      | Reached skill level 6 in Ranged Weapons
   164 | D:1      | Reached XP level 2. HP: 12/16 MP: 4/4
   242 | D:1      | Found Fainwis's Weapon Boutique.
   273 | D:1      | Found Biwk's Jewellery Shop.
   278 | D:1      | 278 ||| SHOPLISTING +4 ring of protection (360 gold, have
                  | 34).
   278 | D:1      | 278 ||| SHOPLISTING amulet of faith (400 gold, have 34).
   278 | D:1      | 278 ||| SHOPLISTING ring of ice (250 gold, have 34).
   278 | D:1      | 278 ||| SHOPLISTING ring of poison resistance (200 gold,
                  | have 34).
   315 | D:1      | Found Roemeocs's Weapon Shop.
   678 | D:1      | 678 ||| UPGRADING to +5 ring of evasion.
   679 | D:1      | 679 ||| READING scroll labelled EDETEE QOMAIR.
   680 | D:1      | 680 ||| READING scroll labelled KASSAO JIADDINN.
   681 | D:1      | 681 ||| READING 2 scrolls labelled ETRUFU VUIG.
   682 | D:1      | 682 ||| READING scroll labelled GEDORE KOPSIL.
   683 | D:1      | 683 ||| DRINKING 2 fizzy grey potions.
   684 | D:1      | 684 ||| DROPPING scroll of butterflies.
   685 | D:1      | 685 ||| DROPPING scroll of fog.
   687 | D:1      | 687 ||| Stepping ~*~*~tactically~*~*~ (cloud).
   690 | D:1      | HP: 4/16 [poisoned by you (poison gas)]
   805 | D:2      | 805 ||| STAIRDANCE
   809 | D:1      | Reached XP level 3. HP: 18/20 MP: 5/5
   834 | D:2      | Reached skill level 7 in Ranged Weapons
   848 | D:2      | Noticed Robin
   855 | D:2      | HP: 5/20 [Robin/goblin (1)]
   856 | D:2      | Slain by a goblin

Levels and vault maps discovered:
D:1:      wander_arrival_fairy_ring, layout_loops_cross, serial_shops,
          nicolae_shop_advertising_works [nicolae_subvault_shop_adworks],
          nicolae_shop_bloodbath_and_beyond, shop,
          chequers_ecumenical_altar_island, minmay_pentomino_z4
D:2:      layout_rooms, supply_closet_lemuel, nicolae_hexahallways,
          wad_floor_pattern_untrapped, grunt_ministairs_11, st_stairs_13,
          dk_noncrumbling_4, uniq_robin

Skill      XL: |  1  2  3 |
---------------+----------+-----
Ranged Weapons | 6 7 |  7.1
Fighting       | |  1.5
Dodging        | |  2.4
Stealth        | |  1.2

Action                     || total
---------------------------++-------
   Fire: Shortbow          ||    82
    Use: Scroll            ||     4
         Potion            ||     1
 Armour: Leather armour    ||    16
  Dodge: Dodged            ||    42

Table legend:
 A = Non-vault XP
 B = Vault XP
 C = Vault XP percentage of total XP
 D = Non-vault monster count
 E = Vault monster count
 F = Vault count percentage of total count
                 A         B        C        D         E       F
            +---------+---------+-------+---------+---------+-------
      Total |      40 |      39 |  49.4 |      17 |      13 |  43.3
            +---------+---------+-------+---------+---------+-------
        D:1 |      24 |      19 |  44.2 |      15 |       4 |  21.1
        D:2 |      16 |      20 |  55.6 |       2 |       9 |  81.8
            +---------+---------+-------+---------+---------+-------
